 Dungeon Sprint DCSS version 0.19.1-1-g22dce08 (webtiles) character file.

681 Hipnos the Covert (level 7, 0/54 HPs)
             Began as an Octopode Enchanter on Jan 14, 2017.
             Was the Champion of Jiyva.
             Slain by a demonic crawler (9 damage)
             ... in the Dungeon (Sprint I: "Red Sonja").
             The game lasted 00:06:29 (493 turns).

Hipnos the Covert (Octopode Enchanter)               Turns: 493, Time: 00:06:31

Health: 0/54       AC:  3    Str:  7    XL:     7   Next: 61%
Magic:  16/16      EV: 15    Int: 21    God:    Jiyva [******]
Gold:   297        SH:  0    Dex: 13    Spells: 3 memorised, 12 levels left

rFire  . . .     SeeInvis .     k - +2 dagger (pain)
rCold  . . .     Gourm    .     (no shield)
rNeg   . . .     Faith    .     (helmet restricted)
rPois  .         Spirit   .     (no amulet)
rElec  .         Reflect  .     (no ring)
rCorr  +         Harm     .     (no ring)
MR     .....     NoTele   +     (no ring)
Stlth  ++++++....               (no ring)
                                (no ring)
                                (no ring)
                                (no ring)
                                (no ring)

@: slimy
A: almost no armour, stealthy swim, amphibious, 8 rings, constrict 8, icy blue
scales 1, camouflage 1, clever 1, robust 2, gelatinous body 1, tendrils, jelly
absorbing missiles
a: Request Jelly, Slimify, Cure Bad Mutation, Renounce Religion


You were in the Dungeon.
You worshipped Jiyva.
Jiyva was exalted by your worship.
You were completely stuffed.

You visited 1 branch You collected 297 gold pieces.

Inventory:

Hand Weapons
 a - a +1 dagger
 k - a +2 dagger of pain (weapon)
Scrolls
 i - a scroll of blinking
 m - a scroll of enchant armour {unknown}
Potions
 d - a potion of curing
 e - a potion of heal wounds
 f - a potion of haste
 g - 2 potions of magic
 h - a potion of berserk rage
 j - a potion of cure mutation {unknown}
Books
 b - a book of Maledictions

   Spells                             Type                      Level
   a - Corona                         Hexes                        1
   b - Ensorcelled Hibernation        Hexes/Ice                    2
   c - Confuse                        Hexes                        3
   d - Tukima's Dance                 Hexes                        3
   e - Dazzling Spray                 Conjuration/Hexes            3
Comestibles
 c - a bread ration
 l - 9 chunks of flesh


   Skills:
 + Level 2.0 Fighting
 + Level 2.0 Short Blades
 + Level 5.2 Dodging
 + Level 13.3 Stealth
 + Level 6.2 Spellcasting
 + Level 10.0 Hexes
 + Level 2.2 Ice Magic


You had 12 spell levels left.
You knew the following spells:

 Your Spells              Type           Power        Failure   Level  Hunger
a - Corona                Hex            #####..      1%          1    None
b - Ensorcelled Hibernat  Hex/Ice        ####..       1%          2    None
c - Confuse               Hex            #####...     1%          3    #......


Dungeon Overview and Level Annotations

Branches:
Dungeon (1/1)

Altars:
Cheibriados
Dithmenos
Elyvilon
Fedhas
Gozag
Hepliaklqana
Kikubaaqudgha
Makhleb
Nemelex Xobeh
Okawaru
Qazlal
Ru
Sif Muna
Trog
Uskayaw
Vehumet
Xom
Yredelemnul
Zin
The Shining One
Jiyva
Lugonu

Shops:
D !

Annotations:
D Sonja


Innate Abilities, Weirdness & Mutations

You cannot wear most types of armour.
You are very stealthy in the water. (Stealth+)
You are amphibious.
You can wear up to eight rings at the same time.
You can use your tentacles to constrict eight enemies at once.
Your skin changes colour to match your surroundings (Stealth+).
Your rubbery body absorbs attacks. (AC +1, EV +1)
You are partially covered in icy blue scales. (AC +2)
Your mind is acute. (Int +2)
You are very robust. (+20% HP)
You are covered in slimy tendrils that may disarm your opponents.
You have a small jelly attached to you that may absorb incoming projectiles.


Message History

The demonic crawler hits you!
The demonic crawler hits you but does no damage.
The demonic crawler hits you!
Sonja, the Graceful Assassin comes into view.
She is wielding a dagger of distortion.
Casting: Confuse
Confirm with . or Enter, or press ? or * to list all spells.
Okay, then.
A thick mucus forms on your +2 dagger of pain.
The demonic crawler closely misses you. The demonic crawler hits you!
* * * LOW HITPOINT WARNING * * *
The demonic crawler misses you. x3; The demonic crawler hits you!
* * * LOW HITPOINT WARNING * * *
You hit the demonic crawler but do no damage.
You hear a distant slurping noise.
You feel a little less hungry.
You feel your power returning.
You feel better. The demonic crawler misses you. The demonic crawler hits you!
The demonic crawler barely misses you. The demonic crawler hits you!
* * * LOW HITPOINT WARNING * * *
The demonic crawler hits you!
You die...

##########################
#<.#..'..#..K..#s_#.†....#
#..'..#.)'..#..'@s...#...#
#..#####'#####'#_s####....s.#
#..####..#...#.####§/ ####..+
#..#__####..##§#≈≈§Jc ##
#..#_____##'#..§§§§
#⌠⌠#_.∩...'.J._#§§§
####_..__##_.#J##+#
#_____###+#.# ####### ###


You could see 3 demonic crawlers and Sonja (wandering).

Vanquished Creatures
  A kobold demonologist (D)
  Sigmund (D)
  A yak (D)
  An ogre (D)
  Ijyb (D)
5 creatures vanquished.

Vanquished Creatures (collateral kills)
  A demonic crawler (D)
1 creature vanquished.

Vanquished Creatures (others)
  A centaur warrior (D)
  A kobold demonologist (D)
  A hornet (D)
  A floating eye (D)
  4 jellies (D)
8 creatures vanquished.

Grand Total: 14 creatures vanquished

Notes
Turn   | Place    | Note
-------+----------+-------------------------------------------
     0 | D        | Hipnos the Octopode Enchanter began the quest for the Orb.
     0 | D        | Reached XP level 1. HP: 11/11 MP: 3/3
     1 | D        | Noticed Ijyb
     8 | D        | Killed Ijyb
     8 | D        | Reached skill level 6 in Stealth
     8 | D        | Reached XP level 2. HP: 5/18 MP: 3/5
     8 | D        | Reached XP level 3. HP: 6/22 MP: 4/7
    12 | D        | Learned a level 2 spell: Ensorcelled Hibernation
    16 | D        | Learned a level 3 spell: Confuse
   232 | D        | Noticed an ogre
   238 | D        | Killed an ogre
   238 | D        | Reached skill level 8 in Stealth
   238 | D        | Reached skill level 1 in Ice Magic
   238 | D        | Reached XP level 4. HP: 27/27 MP: 3/9
   292 | D        | Noticed Sigmund
   298 | D        | Killed Sigmund
   298 | D        | Reached skill level 10 in Stealth
   298 | D        | Reached XP level 5. HP: 21/32 MP: 10/12
   298 | D        | Reached XP level 6. HP: 24/37 MP: 10/13
   412 | D        | Found a burning altar of Makhleb.
   412 | D        | Found a viscous altar of Jiyva.
   412 | D        | Found a shimmering altar of Xom.
   412 | D        | Found a corrupted altar of Lugonu.
   412 | D        | Noticed a slime creature
   415 | D        | Became a worshipper of Jiyva Jaoguler the Shapeless
   417 | D        | Found a deep blue altar of Sif Muna.
   419 | D        | Found a radiant altar of Vehumet.
   424 | D        | Reached * piety under Jiyva
   426 | D        | Noticed a centaur warrior
   442 | D        | Reached ** piety under Jiyva
   443 | D        | Found Diohoqud's Distillery.
   443 | D        | Found an ancient bone altar of Kikubaaqudgha.
   443 | D        | Found a hazy altar of Hepliaklqana.
   443 | D        | Found a stormy altar of Qazlal.
   443 | D        | Found a hide-covered altar of Uskayaw.
   443 | D        | Found a blossoming altar of Fedhas.
   443 | D        | Found a bloodstained altar of Trog.
   443 | D        | Found an iron altar of Okawaru.
   443 | D        | Found a basalt altar of Yredelemnul.
   443 | D        | Found a glowing golden altar of the Shining One.
   443 | D        | Found a snail-covered altar of Cheibriados.
   443 | D        | Found a sacrificial altar of Ru.
   443 | D        | Found a glowing silver altar of Zin.
   443 | D        | Found a shadowy altar of Dithmenos.
   443 | D        | Found a white marble altar of Elyvilon.
   443 | D        | Noticed a yak
   444 | D        | Found an opulent altar of Gozag.
   447 | D        | Killed a yak
   447 | D        | Reached skill level 1 in Fighting
   447 | D        | Reached skill level 12 in Stealth
   447 | D        | Reached skill level 5 in Spellcasting
   447 | D        | Reached *** piety under Jiyva
   447 | D        | Gained mutation: Your flesh is heat resistant. (rF+) [Jiyva's grace]
   448 | D        | Found a sparkling altar of Nemelex Xobeh.
   452 | D        | Reached **** piety under Jiyva
   452 | D        | Gained mutation: Your spells are a little harder to cast, but a little more powerful. [Jiyva's grace]
   454 | D        | Lost mutation: Your flesh is heat resistant. (rF+) [Jiyva's grace]
   456 | D        | Reached ***** piety under Jiyva
   458 | D        | Gained mutation: You are robust. (+10% HP) [Jiyva's grace]
   464 | D        | Noticed a kobold demonologist
   464 | D        | Gained mutation: You have a small jelly attached to you that may absorb incoming projectiles. [Jiyva's grace]
   467 | D        | Noticed a red devil
   467 | D        | Noticed a kobold demonologist
   467 | D        | Killed a centaur warrior
   469 | D        | Killed a kobold demonologist
   469 | D        | Reached XP level 7. HP: 46/47 MP: 15/15
   469 | D        | Reached ****** piety under Jiyva
   471 | D        | Gained mutation: Your mind is acute. (Int +2) [Jiyva's grace]
   472 | D        | Noticed a demonic crawler
   472 | D        | Noticed a demonic crawler
   472 | D        | Noticed a demonic crawler
   472 | D        | Noticed a demonic crawler
   473 | D        | Killed a kobold demonologist
   473 | D        | Reached skill level 5 in Dodging
   473 | D        | Reached skill level 13 in Stealth
   474 | D        | Gained mutation: You possess an exceptional clarity of mind. [Jiyva's grace]
   475 | D        | Gained mutation: Your body has grown golden eyes which may confuse attackers. (Acc +3) [Jiyva's grace]
   477 | D        | Lost mutation: Your spells are a little harder to cast, but a little more powerful. [Jiyva's grace]
   477 | D        | Lost mutation: Your body has grown golden eyes which may confuse attackers. (Acc +3) [Jiyva's grace]
   479 | D        | Gained mutation: You are partially covered in icy blue scales. (AC +2) [Jiyva's grace]
   482 | D        | Lost mutation: You possess an exceptional clarity of mind. [Jiyva's grace]
   482 | D        | Gained mutation: You are very robust. (+20% HP) [Jiyva's grace]
   485 | D        | Killed a hornet
   487 | D        | Gained mutation: You are covered in slimy tendrils that may disarm your opponents. [Jiyva's grace]
   487 | D        | Killed a demonic crawler
   487 | D        | Reached skill level 10 in Hexes
   492 | D        | Noticed Sonja
   493 | D        | Slain by a demonic crawler

Skill      XL: |  1  2  3  4  5  6  7 |
---------------+----------------------+-----
Stealth        | 6 8 10 12 13 | 13.3
Hexes          | 4 6 8 9 10 | 10.0
Dodging        | 3 4 5 |  5.2
Spellcasting   | 3 4 5 6 |  6.2
Ice Magic      | 1 2 |  2.2
Fighting       | 1 2 |  2.0
Short Blades   | 2 |  2.0

Action                   |  1- 3 |  4- 6 |  7- 9 || total
-------------------------+-------+-------+-------++-------
Melee: Dagger            |     7 |     9 |     7 ||    23
       Constrict         |     1 |     2 |       ||     3
       Tentacles         |     1 |     2 |     1 ||     4
 Cast: Ensorcelled Hiber |     2 |       |       ||     2
       Confuse           |       |       |     1 ||     1
Invok: Slimify           |       |       |     1 ||     1
 Stab: Sleeping          |     3 |     2 |       ||     5
       Distracted        |       |       |     1 ||     1
Armor: Skin              |       |       |     5 ||     5
Dodge: Dodged            |     2 |     1 |    15 ||    18
